 Dungeon Crawl Stone Soup version 0.25.1-2-g60ff931df9 (webtiles) character file.

Game seed: 4252472460941137948

279 Duder the Shield-Bearer (level 6, -2/53 HPs)
             Began as a Minotaur Fighter on Nov 6, 2020.
             Slain by a slave (6 damage)
             ... led by Pikel
             ... on level 4 of the Dungeon.
             The game lasted 00:06:40 (2694 turns).

Duder the Shield-Bearer (Minotaur Fighter)          Turns: 2694, Time: 00:06:41

Health: -2/53      AC:  7    Str: 23    XL:     6   Next: 5%
Magic:  5/5        EV:  7    Int:  5    God:
Gold:   183        SH: 10    Dex:  9    Spells: 5/5 levels left

rFire    . . .     SeeInvis .   k - +2 whip (flame)
rCold    . . .     Gourm    .   c - +0 kite shield
rNeg     . . .     Faith    .   b - +0 scale mail
rPois    .         Spirit   .   (helmet restricted)
rElec    .         Reflect  .   (no cloak)
rCorr    .         Harm     .   (no gloves)
MR       .....                  (no boots)
Stlth    ..........             (no amulet)
HPRegen  0.17/turn              (no ring)
MPRegen  0.09/turn              (no ring)

@: no status effects
A: retaliatory headbutt, horns 2
a: no special abilities


You were on level 4 of the Dungeon.
You were not hungry.

You visited 1 branch of the dungeon, and saw 4 of its levels.

You collected 183 gold pieces.

Inventory:

Hand Weapons
 a - a +0 flail
 k - a +2 whip of flaming (weapon)
Missiles
 m - 3 curare-tipped darts (quivered)
 s - 29 bolts
 t - 32 sling bullets
Armour
 b - a +0 scale mail (worn)
 c - a +0 kite shield (worn)
Jewellery
 h - an uncursed ring of protection from fire {unknown}
Scrolls
 g - 5 scrolls of remove curse {unknown}
 j - 4 scrolls of magic mapping {unknown}
 l - 2 scrolls of identify {unknown}
 o - a scroll of blinking {unknown}
 q - 2 scrolls of immolation {unknown}
 r - 2 scrolls of amnesia {unknown}
 u - a scroll of teleportation {unknown}
 v - 3 scrolls of noise {unknown}
Potions
 d - a potion of might
 e - a potion of curing
 i - 2 potions of mutation {unknown}
 n - a potion of ambrosia {unknown}
 p - a potion of flight {unknown}
Comestibles
 f - 3 rations
 w - 12 chunks of flesh


   Skills:
 + Level 4.7 Fighting
 * Level 4.6 Maces & Flails
 + Level 1.6 Throwing
 + Level 4.9 Armour
 + Level 4.9 Shields


You had 5 spell levels left.
You didn't know any spells.
Your spell library was empty.

Dungeon Overview and Level Annotations

Branches:
Dungeon (4/15)
 Temple: D:4-7

Altars:
Ashenzari
Elyvilon
Fedhas
Hepliaklqana
Makhleb
Okawaru
Wu Jian


Innate Abilities, Weirdness & Mutations

You reflexively headbutt those who attack you in melee.
You have a pair of horns on your head.


Message History

You hit the slave. You burn the slave. Your headbutt misses the slave.
The slave is heavily wounded.
The slave barely misses you.
You barely miss the slave.
You headbutt the slave, but do no damage.
The slave is heavily wounded.
The slave barely misses you.
You closely miss the slave.
The slave is heavily wounded.
You closely miss the slave. Your headbutt misses the slave.
The slave is heavily wounded.
The slave hits you!
* * * LOW HITPOINT WARNING * * *
You closely miss the slave.
The slave is heavily wounded.
The slave hits you but does no damage.
You hit the slave but do no damage.
The slave is heavily wounded.
The slave hits you.
You die...

.# .# #### .#####
...# #......
#...## .....##
#.#... ..>.?..
#....######)....#.
#.....(@p)?.....
##.########.#..?
#.# #.# #.# #.#
#.# #.### #...#


You could see a slave.

Vanquished Creatures
  A sky beast (D:3)
  6 gnolls (D:4)
  6 adders
  An ooze (D:3)
  A worm (D:3)
  2 dart slugs
  5 leopard geckos
  5 giant cockroaches
  6 goblins
  6 hobgoblins
  4 jackals (D:4)
  8 kobolds
  6 bats
  3 frilled lizards
  5 rats
65 creatures vanquished.

Vanquished Creatures (others)
  A quokka (D:2)
1 creature vanquished.

Grand Total: 66 creatures vanquished

Notes
Turn   | Place    | Note
-------+----------+-------------------------------------------
     0 | D:1      | Duder the Minotaur Fighter began the quest for the Orb.
     0 | D:1      | Reached XP level 1. HP: 19/19 MP: 0/0
   126 | D:1      | Reached XP level 2. HP: 27/27 MP: 1/1
   523 | D:2      | Reached XP level 3. HP: 33/33 MP: 2/2
   620 | D:2      | Found a white marble altar of Elyvilon.
   942 | D:2      | Found an ornate altar of the Wu Jian Council.
  1086 | D:3      | Noticed a sky beast
  1106 | D:3      | Killed a sky beast
  1106 | D:3      | Reached skill level 1 in Throwing
  1106 | D:3      | Reached XP level 4. HP: 5/41 MP: 3/3
  1106 | D:3      | Reached XP level 5. HP: 6/47 MP: 4/4
  1460 | D:3      | Found a burning altar of Makhleb.
  1460 | D:3      | Found a shattered altar of Ashenzari.
  1631 | D:3      | Found a hazy altar of Hepliaklqana.
  2119 | D:3      | Found an iron altar of Okawaru.
  2120 | D:3      | Found a blossoming altar of Fedhas.
  2547 | D:4      | Found a glowing drain.
  2672 | D:4      | Noticed a slave
  2676 | D:4      | Reached XP level 6. HP: 27/53 MP: 5/5
  2694 | D:4      | Slain by a slave

Illustrated notes

Levels and vault maps discovered:
D:1:      zelgadis_glass_arrival_small, layout_rooms
D:2:      layout_rooms, marbit_many_paths, elyvilon_altar_4
D:3:      layout_basic, lemuel_round_altar, minitemple,
          gammafunk_temple_overflow_wave, dk_noncrumbling_2
D:4:      layout_loops_ring, portal_sewer_entry_f, uniq_pikel

Skill      XL: |  1  2  3  4  5 |
---------------+----------------+-----
Fighting       | 4 |  4.7
Armour         | 4 |  4.9
Shields        | 4 |  4.9
Maces & Flails | 3 4 |  4.6
Throwing       | 1 |  1.6

Action                   |  1- 3 |  4- 6 || total
-------------------------+-------+-------++-------
Melee: Flail             |    37 |       ||    37
       Whip              |    54 |    93 ||   147
       Headbutt          |     7 |    15 ||    22
  Use: Potion            |       |     1 ||     1
  Eat: Chunk             |     1 |     5 ||     6
Armor: Scale mail        |    37 |    27 ||    64
Dodge: Dodged            |    31 |    26 ||    57
Block: Kite shield       |    42 |    42 ||    84
